 Dungeon Crawl Stone Soup version 0.30.1-9-gdf580d7c3d (webtiles) character file.

Game seed: 6942842157328083411

12322 monsoonserge the Zephyrmancer (level 11, -1/64 HPs)
             Began as a Tengu Air Elementalist on Oct 24, 2023.
             Was a Believer of Vehumet.
             Slain by a cane toad (14 damage)
             ... on level 1 of the Lair of Beasts on Oct 25, 2023.
             The game lasted 01:04:25 (12598 turns).

monsoonserge the Zephyrmancer (TeAE)               Turns: 12598, Time: 01:04:26

Health: -1/64      AC: 15    Str:  9    XL:     11   Next: 91%
Magic:  13/20      EV: 12    Int: 23    God:    Vehumet [**....]
Gold:   556        SH:  0    Dex: 20    Spells: 4/20 levels left

rFire   . . .        d - +6 sling of the Dove {freeze, Drain rElec Int+3}
rCold   . . .        (no shield)
rNeg    . . .        R - +7 Kryia's mail coat {PotionHeal*2 rC+}
rPois   .            (helmet restricted)
rElec   +            (no cloak)
rCorr   .            V - +0 pair of gloves
SInv    .            (boots unavailable)
Will    +++..        L - amulet of the acrobat
Stlth   +            x - +6 ring of dexterity
HPRegen 0.30/turn    N - ring "Ychooppin" {Wiz Drain rC- Will+++}
MPRegen 0.17/turn

%: acrobat, wizardry (x1)
@: lethally poisoned (-1 -> -19), swift, flying quickly and evasively, very
quick
A: beak, talons 3, nimble flight
a: Renounce Religion


You were on level 1 of the Lair of Beasts.
You worshipped Vehumet.
Vehumet was pleased with you.
You visited 3 branches of the dungeon, and saw 15 of its levels.
You also visited: Bailey.

You collected 667 gold pieces.
You spent 111 gold pieces at shops.

Inventory:

Hand Weapons
 d - the +6 sling of the Dove (weapon) {freeze, Drain rElec Int+3}
   (You found it on level 3 of the Dungeon)

   Int:       It affects your intelligence (+3).
   rElec:     It insulates you from electricity.
   Drain:     It drains your maximum health when unequipped.
Missiles
 j - 16 poisoned darts
 q - 12 boomerangs
 K - 5 throwing nets
Armour
 E - the +5 leather armour of Gozag's Supremacy {*Slow rElec Will++}
   (You found it on level 6 of the Dungeon)

   rElec:     It insulates you from electricity.
   *Slow:     It may slow you when you take damage.
   Will:      It greatly increases your willpower.
 H - +0 steam dragon scales
 M - the +1 leather armour "Meilem" {rC++}
   (You found it on level 9 of the Dungeon)

   rC:        It greatly protects you from cold.
 R - the +7 Kryia's mail coat (worn) {PotionHeal*2 rC+}
   (You acquired it in a bailey)

   PotionHeal*2: Potions heal its wearer twice as much.
   rC:        It protects you from cold.
 V - a +0 pair of gloves (worn)
 X - +0 acid dragon scales
Jewellery
 e - a ring of positive energy
 k - a ring of ice
 x - a +6 ring of dexterity (left hand)
 C - a +5 ring of evasion
 L - an amulet of the acrobat (around neck)
 N - the ring "Ychooppin" (right hand) {Wiz Drain rC- Will+++}
   (You acquired it in a bailey)

   [ring of wizardry]

   It improves your spell success rate.
   rC:        It makes you vulnerable to cold.
   Drain:     It drains your maximum health when unequipped.
   Will:      It greatly increases your willpower.
 T - a ring of resist corrosion
Wands
 f - a wand of flame (29)
 B - a wand of roots (43)
 F - a wand of digging (4)
 I - a wand of paralysis (24)
 O - a wand of polymorph (6)
 W - a wand of light (12)
Scrolls
 g - a scroll of vulnerability {unknown}
 h - 2 scrolls of immolation
 l - a scroll of brand weapon {unknown}
 m - a scroll of silence {unknown}
 n - 2 scrolls of fear {unknown}
 s - 5 scrolls of amnesia {unknown}
 t - 5 scrolls of fog
 u - a scroll of torment
 w - 4 scrolls of enchant armour
 y - 8 scrolls of teleportation
 G - 2 scrolls of poison
 P - 2 scrolls of magic mapping {unknown}
 U - 3 scrolls of enchant weapon {unknown}
Potions
 a - a potion of ambrosia {unknown}
 b - 2 potions of magic
 c - 7 potions of curing {unknown}
 i - 3 potions of heal wounds
 p - 3 potions of resistance
 r - 2 potions of attraction
 v - 5 potions of might
 z - 4 potions of haste
 A - a potion of berserk rage {unknown}
 D - 3 potions of mutation
 J - 2 potions of brilliance
 Q - a potion of invisibility {unknown}
Miscellaneous
 S - a box of beasts (inert)


   Skills:
 + Level 5.2 Fighting
 + Level 0.3 Short Blades
 + Level 10.3 Ranged Weapons
 * Level 5.7 Armour
 + Level 4.4 Dodging
 + Level 3.3 Stealth
 * Level 5.4 Spellcasting
 * Level 6.7 Conjurations
 * Level 2.5 Ice Magic
 * Level 13.0 Air Magic
 - Level 2.0 Poison Magic
 + Level 4.5 Evocations


You had 4 spell levels left.
You knew the following spells:

 Your Spells              Type           Power      Damage    Failure   Level
a - Shock                 Conj/Air       100%       1d9       1%          1
b - Swiftness             Air            60%        N/A       1%          3
c - Airstrike             Air            30%        2d(5-21)  1%          4
d - Mephitic Cloud        Conj/Pois/Air  39%        N/A       3%          3
e - Freezing Cloud        Conj/Ice/Air   20%        6-21      30%         5

Your spell library contained the following spells:

 Spells                   Type           Power      Damage    Failure   Level
 Scorch                   Fire           12%        2d6       32%         2
 Magic Dart               Conj           100%       1d8       1%          1
 Poisonous Vapours        Pois/Air       80%        N/A       1%          2
 Static Discharge         Conj/Air       100%       2-7/arc   1%          2
 Stone Arrow              Conj/Erth      42%        3d9       17%         3
 Apportation              Tloc           12%        N/A       24%         1
 Necrotise                Necr           24%        1d5       24%         1
 Sandblast                Erth           12%        2d6       24%         1
 Summon Small Mammal      Summ           24%        N/A       24%         1
 Call Imp                 Summ           12%        N/A       32%         2
 Passwall                 Tmut/Erth      5%         N/A       32%         2
 Flame Wave               Conj/Fire      21%        2d8       50%         4
 Sticky Flame             Conj/Fire      21%        2d4       50%         4
 Call Canine Familiar     Summ           6%         N/A       54%         3
 Inner Flame              Hex/Fire       6%         N/A       54%         3
 Portal Projectile        Hex/Tloc       12%        N/A       54%         3
 Tukima's Dance           Hex            6%         N/A       54%         3
 Leda's Liquefaction      Hex/Erth       3%         N/A       90%         4
 Irradiate                Conj/Tmut      10%        3d15      82%         5
 Blade Hands              Tmut           3%         N/A       99%         5
 Dragon Form              Tmut           3%         N/A       100%        7


Dungeon Overview and Level Annotations

Branches:
Dungeon (13/15)            Temple (1/1) D:7            Lair (1/5) D:9
 Bailey (visited)
    Orc: D:9-12      Vaults: D:13-14

Altars:
Ashenzari
Cheibriados
Dithmenos
Elyvilon
Fedhas
Gozag
Hepliaklqana
Kikubaaqudgha
Makhleb
Nemelex Xobeh
Okawaru
Qazlal
Ru
Sif Muna
Trog
Uskayaw
Vehumet
Wu Jian
Xom
Yredelemnul
Zin
The Shining One

Shops:
D:4 ?   D:10 *   D:13 (

Annotations:
D:9 exclusion: orange crystal statue
D:11 2 transporters


Innate Abilities, Weirdness & Mutations

You have a beak for a mouth.
You have claws for feet.
Your magical nature lets you fly swiftly and evasively.


Message History

Aim: a basilisk (moderately wounded, 67% to hit)
The zap hits the cane toad.
The cane toad is moderately wounded.
The zap hits the basilisk but does no damage.
The basilisk is moderately wounded.
You feel very sick. The cane toad barely misses you.
The cane toad stings you but does no damage.
Casting: Shock (safe; 1% risk of failure)
Confirm with . or Enter, or press ? or * to list all spells.
Aiming: Shock (safe; 1% risk of failure)
Press: ? - help, Shift-Dir - straight line, f/p - basilisk
Aim: a basilisk (moderately wounded, 67% to hit)
The zap hits the cane toad.
The cane toad is moderately wounded.
The zap misses the basilisk.
You feel very sick. The cane toad stings you!
You are lethally poisoned!
The cane toad poisons you!
Casting: Shock (safe; 1% risk of failure)
Confirm with . or Enter, or press ? or * to list all spells.
You feel quick.
You feel extremely sick. The cane toad barely misses you.
* * * LOW HITPOINT WARNING * * *
You feel very sick.
Aiming: Polymorph
Press: ? - help, Shift-Dir - straight line, f/p - basilisk
Aim: a basilisk (moderately wounded, will become a human, a steam dragon, or an ice beast, chance to affect: 60%)
Okay, then.
Unknown command.
Aiming: Paralyse
Press: ? - help, Shift-Dir - straight line, f/p - basilisk
Aim: a basilisk (moderately wounded, chance to affect: 60%)
The cane toad resists with significant effort.
* * * LOW HITPOINT WARNING * * *
You feel very sick. The cane toad stings you!
You die...

..................#.#
.........P#......##.#
.....P#..##......##.##
.......##.......#..#
...##..#..##.#.##..#
##.#.##.##.#
...........#
...........##
.......@....#
.......F...##
##.##+##l#.# ... ....#
.. .....# ....#.#
.....#.# ......#.#
.......# #


You could see a cane toad and a basilisk.

Vanquished Creatures
  An orc warlord (Bailey)
  Harold (D:9)
  A hydra (D:13)
  Nergalle (D:10)
  Maggie (D:7)
  Psyche (D:11)
  A polar bear (Lair:1)
  A hornet (D:9)
  2 trolls
  14 yaks
  6 wraiths
  Grum (D:8)
  2 vampire mosquitoes (D:11)
  Menkaure (D:7)
  3 acid dragons
  A water moccasin (D:6)
  8 orc warriors
  2 ice beasts
  2 black bears
  3 ogres
  4 centaurs
  3 wolves (D:8)
  2 kobold brigands
  5 bullfrogs
  3 scorpions
  8 wights (D:9)
  7 killer bees
  8 howler monkeys
  An electric eel (D:8)
  A jelly (D:5)
  7 orc priests
  3 gnoll boudas
  2 sleepcaps
  3 iguanas
  3 orc wizards
  17 gnolls
  5 adders
  A shadow imp (D:5)
  3 ufetubi
  2 worms (D:2)
  5 dart slugs
  36 orcs
  12 ball pythons
  9 endoplasms
  5 giant cockroaches
  12 goblins
  8 hobgoblins
  2 jackals (D:5)
  6 quokkas
  5 bats
  2 frilled lizards (D:1)
  23 kobolds
  5 rats
271 creatures vanquished.

Notes
Turn   | Place    | Note
-------+----------+-------------------------------------------
     0 | D:1      | monsoonserge the Tengu Air Elementalist began the quest for
                  | the Orb.
     0 | D:1      | Reached XP level 1. HP: 10/10 MP: 4/4
   101 | D:1      | Reached XP level 2. HP: 15/15 MP: 4/6
   587 | D:1      | Found a faded altar of an unknown god.
   595 | D:1      | Got Plato's Omnibus of Geology
   645 | D:1      | Reached skill level 5 in Air Magic
   744 | D:2      | Reached XP level 3. HP: 19/19 MP: 4/7
   957 | D:2      | Reached skill level 1 in Armour
  1099 | D:2      | Reached XP level 4. HP: 24/24 MP: 1/8
  1104 | D:2      | Learned a level 3 spell: Swiftness
  1974 | D:3      | Gained mutation: Your magical nature lets you fly swiftly
                  | and evasively. [Tengu growth]
  1974 | D:3      | Reached XP level 5. HP: 14/28 MP: 1/9
  2119 | D:3      | Identified the +6 sling of the Dove {freeze, Drain rElec
                  | Int+3}
  2241 | D:3      | Reached skill level 6 in Air Magic
  2286 | D:3      | Reached XP level 6. HP: 18/32 MP: 2/10
  2896 | D:3      | Learned a level 4 spell: Airstrike
  2945 | D:4      | Found an iron altar of Okawaru.
  3083 | D:4      | Noticed a black bear
  3091 | D:4      | Killed a black bear
  3092 | D:4      | Reached skill level 1 in Ranged Weapons
  3092 | D:4      | Reached skill level 7 in Air Magic
  3197 | D:4      | Reached XP level 7. HP: 37/37 MP: 10/12
  3494 | D:4      | Found Enaetosie's Magic Scroll Shop.
  3504 | D:4      | Bought a scroll of teleportation for 36 gold pieces
  3813 | D:5      | Entered Level 5 of the Dungeon
  3856 | D:4      | Reached skill level 1 in Fighting
  4059 | D:5      | Reached XP level 8. HP: 43/43 MP: 13/13
  4090 | D:5      | Reached skill level 8 in Air Magic
  4579 | D:6      | Reached skill level 5 in Armour
  4678 | D:6      | Learned a level 3 spell: Mephitic Cloud
  4682 | D:6      | Identified the +5 leather armour of Gozag's Supremacy
                  | {*Slow rElec Will++}
  4763 | D:6      | Reached skill level 1 in Poison Magic
  4843 | D:6      | Reached skill level 5 in Ranged Weapons
  4846 | D:6      | Reached skill level 9 in Air Magic
  4982 | D:6      | Identified the +2 helmet of Repulsion {Rampage *Slow rF+
                  | rN+}
  5447 | D:7      | Found a staircase to the Ecumenical Temple.
  5473 | D:7      | Noticed Maggie
  5550 | D:7      | Noticed Menkaure
  5552 | D:7      | Killed Menkaure
  5553 | D:7      | Reached XP level 9. HP: 48/48 MP: 10/15
  5595 | D:7      | Noticed a troll
  5604 | D:7      | Killed a troll
  5727 | Temple   | Entered the Ecumenical Temple
  5727 | Temple   | Found a transporter.
  5727 | Temple   | Found a transporter.
  5729 | Temple   | Found a transporter.
  5729 | Temple   | Found a transporter.
  5767 | Temple   | Became a worshipper of Vehumet
  5887 | D:7      | Killed Maggie
  6023 | D:8      | Reached skill level 10 in Air Magic
  6234 | D:8      | Found a blossoming altar of Fedhas.
  6245 | D:8      | Reached skill level 1 in Evocations
  6405 | D:8      | Found an ornate altar of the Wu Jian Council.
  6628 | D:8      | Noticed Grum
  6637 | D:8      | Reached skill level 5 in Conjurations
  6654 | D:8      | Killed Grum
  6659 | D:8      | Reached XP level 10. HP: 17/56 MP: 1/17
  7352 | D:9      | Reached skill level 11 in Air Magic
  7580 | D:9      | Noticed an orange crystal statue
  7613 | D:9      | Reached * piety under Vehumet
  7613 | D:9      | Offered knowledge of Magic Dart by Vehumet.
  7681 | D:9      | Noticed Harold
  7703 | D:9      | Killed Harold
  7734 | D:9      | Found a staircase to the Lair.
  8087 | D:9      | Identified the +1 leather armour "Meilem" {rC++}
  8764 | D:10     | Entered Level 10 of the Dungeon
  8855 | D:10     | Reached skill level 12 in Air Magic
  8861 | D:10     | Reached XP level 11. HP: 50/62 MP: 6/18
  8981 | D:10     | Found a flagged portal.
  9057 | Bailey   | Entered a bailey
  9119 | Bailey   | Offered knowledge of Freeze by Vehumet.
  9125 | Bailey   | Noticed an orc warlord
  9152 | Bailey   | Reached ** piety under Vehumet
  9200 | Bailey   | Found a runed translucent gate.
  9202 | Bailey   | Found a runed translucent gate.
  9207 | Bailey   | Acquired the ring "Ychooppin" {Wiz Drain rC- Will+++}
  9217 | Bailey   | Learned a level 5 spell: Freezing Cloud
  9219 | Bailey   | Found a runed translucent gate.
  9481 | Bailey   | Killed an orc warlord
  9482 | Bailey   | Reached skill level 5 in Fighting
  9482 | Bailey   | Reached skill level 10 in Ranged Weapons
  9491 | Bailey   | Acquired the +7 Kryia's mail coat {PotionHeal*2 rC+}
  9491 | Bailey   | Found the +7 Kryia's mail coat {PotionHeal*2 rC+}
  9701 | D:10     | Found Jerch's General Store.
  9707 | D:10     | Bought a potion of heal wounds for 75 gold pieces
  9723 | D:10     | Noticed Nergalle
  9729 | D:10     | Killed Nergalle
  9730 | D:10     | Reached skill level 1 in Ice Magic
 10229 | D:10     | You are sucked into a shaft and drop 3 floors!
 10265 | D:13     | Noticed a seven-headed hydra
 10278 | D:13     | Killed a seven-headed hydra
 10292 | D:13     | Noticed a cyclops
 10446 | D:13     | Found Vem Isaa's Weapon Shop.
 10517 | D:13     | Reached skill level 5 in Spellcasting
 11018 | D:12     | Noticed a boulder beetle
 11118 | D:11     | Offered knowledge of Scorch by Vehumet.
 11285 | D:11     | Found a transporter.
 11286 | D:11     | Found a transporter.
 11286 | D:11     | Noticed a boulder beetle
 11591 | D:9      | Noticed a two-headed ogre
 11962 | D:11     | Noticed Psyche
 11972 | D:11     | Killed Psyche
 12099 | D:11     | Noticed a boulder beetle
 12345 | Lair:1   | Entered Level 1 of the Lair of Beasts
 12425 | Lair:1   | Reached skill level 13 in Air Magic
 12598 | Lair:1   | Slain by a cane toad

Illustrated notes

Levels and vault maps discovered:
D:1:      eino_arrival_water_cross, layout_basic,
          shapermc_ecumenical_altar_rom_forum, grunt_decor_mini_mirrors
D:2:      minmay_angry_zag, layout_rooms
D:3:      layout_basic
D:4:      layout_basic, kennysheep_mini, nicolae_stop_n_shop_2
D:5:      layout_basic, hangedman_abyss_or_decor_stagger
D:6:      layout_basic
D:7:      layout_rooms, minmay_temple_entry_proselytizer,
          kennysheep_generic_room_5, uniq_maggie, uniq_menkaure
D:8:      layout_cave_pools, nicolae_overflow_two_pavilions, uniq_grum
D:9:      layout_roguey, lair_entry_dummy, minmay_protected_statue, uniq_harold
D:10:     layout_long_grid, enter_bailey_8, serial_shops, nicolae_shop_stone,
          uniq_nergalle
D:11:     gammafunk_boulding_lane, layout_basic, erik_orc_1, uniq_psyche
D:12:     layout_cave_pods
D:13:     layout_basic, serial_shops, nicolae_inconvenience_store, uniq_maurice,
          uniq_josephine
Temple:   hellmonk_temple_divided_pantheon
Lair:1:   layout_regular_city, uniq_fannar

Skill      XL: |  1  2  3  4  5  6  7  8  9 10 11 |
---------------+----------------------------------+-----
Air Magic      | 5 6 7 9 10 12 13 | 13.0
Armour         | 1 2 3 4 5 |  5.7
Conjurations   | 2 3 4 5 6 |  6.7
Ranged Weapons | 1 3 5 7 9 10 | 10.3
Spellcasting   | 3 4 5 |  5.4
Fighting       | 1 2 3 4 5 |  5.2
Poison Magic   | 1 2 |  2.0
Dodging        | 3 4 |  4.4
Evocations     | 1 3 4 |  4.5
Stealth        | 3 |  3.3
Ice Magic      | 2 |  2.5
Short Blades   | |  0.3

Action                     |  1- 3 |  4- 6 |  7- 9 | 10-12 || total
---------------------------+-------+-------+-------+-------++-------
  Melee: Unarmed           |     9 |       |       |       ||     9
         Kick              |     4 |     1 |       |       ||     5
         Peck              |     2 |     1 |       |       ||     3
         Short sword       |     8 |     3 |       |       ||    11
   Fire: Sling             |       |    37 |   147 |   260 ||   444
   Cast: Shock             |    63 |    86 |    65 |   220 ||   434
         Airstrike         |       |     1 |    22 |    28 ||    51
         Mephitic Cloud    |       |       |     2 |    13 ||    15
         Freezing Cloud    |       |       |       |     1 ||     1
         Swiftness         |       |       |       |     1 ||     1
  Evoke: Wand              |       |       |     1 |     2 ||     3
         Box of beasts     |       |       |       |     1 ||     1
    Use: Scroll            |       |       |     9 |     8 ||    17
         Potion            |       |       |     2 |     4 ||     6
   Stab: Sleeping          |       |     1 |       |       ||     1
 Armour: Robe              |     1 |       |       |       ||     1
         Leather armour    |     7 |     4 |    20 |    12 ||    43
         Scale mail        |       |       |       |    37 ||    37
  Dodge: Dodged            |    47 |    16 |   145 |   218 ||   426
